 Dungeon Crawl Stone Soup version 0.29.0-11-gd7f09526c8 (webtiles) character file.

Game seed: 7657716366696449960

7002 LynnLen the Grappler (level 10, 0/106 HPs)
             Began as a Troll Fighter on Sept 4, 2022.
             Was a Priest of Wu Jian.
             Slain by a sixfirhy (12 damage)
             ... on level 2 of the Abyss.
             The game lasted 00:36:30 (10881 turns).

LynnLen the Grappler (Troll Fighter)               Turns: 10881, Time: 00:36:31

Health: 0/106      AC: 14    Str: 26    XL:     10   Next: 82%
Magic:  9/9        EV: 13    Int:  8    God:    Wu Jian [***...]
Gold:   630        SH: 10    Dex:  9    Spells: 9/9 levels left

rFire   . . .      SeeInvis .     - Unarmed
rCold   . . .      Faith    .   b - +1 kite shield
rNeg    . . .      Spirit   .   K - +1 steam dragon scales
rPois   .          Reflect  .   (helmet restricted)
rElec   .          Harm     .   x - +1 cloak
rCorr   .          Rampage  .   (gloves unavailable)
Will    .....                   (boots unavailable)
Stlth   +.........              (no amulet)
HPRegen 1.07/turn               J - +4 ring of protection
MPRegen 0.11/turn               y - +4 ring of evasion

@: about to teleport, studying Short Blades
A: large, unfitting armour, claws 3, regeneration 1, shaggy fur 1, tough skin 1
a: Renounce Religion, Wall Jump, Serpent's Lash


You were on level 2 of the Abyss.
You worshipped Wu Jian.
Wu Jian was most pleased with you.
You visited 2 branches of the dungeon, and saw 13 of its levels.
You visited the Abyss 1 time.
You also visited: Sewer and Gauntlet.

You collected 630 gold pieces.

Inventory:

Missiles
 A - 92 stones (quivered)
 C - 9 curare-tipped darts
 I - 3 large rocks
Armour
 b - a +1 kite shield (worn)
 x - a +1 cloak (worn)
 K - +1 steam dragon scales (worn)
 R - a +0 troll leather armour
Jewellery
 e - a ring of fire
 y - a +4 ring of evasion (right claw)
 B - a +6 ring of intelligence
 F - a ring of willpower
 J - a +4 ring of protection (left claw)
 N - an amulet of faith
 S - a ring of ice
Wands
 c - a wand of mindburst (17)
 D - a wand of roots (15)
 E - a wand of digging (9)
 G - a wand of light (12)
 H - a wand of polymorph (3)
 M - a wand of paralysis (8)
Scrolls
 a - a scroll of silence
 f - 2 scrolls of magic mapping
 h - 3 scrolls of fog
 k - 2 scrolls of teleportation
 l - a scroll of identify
 m - 5 scrolls of poison
 p - a scroll of vulnerability {unknown}
 q - a scroll of amnesia
 s - a scroll of acquirement {unknown}
 w - a scroll of fear
 L - 2 scrolls of immolation {unknown}
 Q - a scroll of enchant armour
Potions
 d - 4 potions of lignification
 g - 3 potions of berserk rage
 i - 2 potions of curing
 j - a potion of brilliance
 n - a potion of magic
 o - 4 potions of mutation
 t - a potion of cancellation
 u - a potion of flight
 v - 3 potions of attraction
 z - a potion of ambrosia
 O - 2 potions of resistance
 P - a potion of heal wounds


   Skills:
 + Level 8.6 Fighting
 + Level 4.7 Dodging
 + Level 9.4 Shields
 + Level 10.0 Unarmed Combat


You had 9 spell levels left.
You didn't know any spells.
Your spell library contained the following spells:

 Spells                   Type           Power      Damage    Failure   Level
 Magic Dart               Conj           0%         1d3       63%         1
 Shock                    Conj/Air       0%         1d3       63%         1
 Call Imp                 Summ           0%         N/A       77%         2
 Gell's Gravitas          Tloc           0%         N/A       94%         3
 Lesser Beckoning         Tloc           0%         N/A       94%         3
 Mephitic Cloud           Conj/Pois/Air  0%         N/A       94%         3
 Stone Arrow              Conj/Erth      0%         3d7       94%         3
 Swiftness                Air            0%         N/A       94%         3
 Teleport Other           Tloc           0%         N/A       94%         3
 Airstrike                Air            0%         2d(0-16)  100%        4
 Animate Armour           Summ/Erth      0%         N/A       100%        4
 Summon Ice Beast         Ice/Summ       0%         N/A       100%        4
 Summon Mana Viper        Hex/Summ       0%         N/A       100%        5
 Monstrous Menagerie      Summ           0%         N/A       100%        7
 Lehudib's Crystal Spear  Conj/Erth      0%         10d2      100%        8


Dungeon Overview and Level Annotations

Branches:
Dungeon (12/15)            Temple (1/1) D:5            Lair (0/5) D:9
    Orc (0/2) D:9           Sewer (visited)         Gauntlet (visited)

Altars:
Ashenzari
Cheibriados
Dithmenos
Elyvilon
Fedhas
Gozag
Hepliaklqana
Kikubaaqudgha
Makhleb
Nemelex Xobeh
Okawaru
Qazlal
Ru
Sif Muna
Trog
Uskayaw
Vehumet
Wu Jian
Xom
Yredelemnul
Zin
The Shining One

Shops:
D:2 !   D:9 :

Annotations:
D:7 exclusion: 2 downstairs Gauntlet 11 transporters, 21 runed translucent doors


Innate Abilities, Weirdness & Mutations

You are too large for most types of armour.
You have claws for hands.
Your natural rate of healing is unusually fast.
You are covered in fur. (AC +1)
You have tough skin. (AC +1)


Message History

The searing blast hits you!!
A large abomination comes into view.
The sixfirhy misses you.
You scratch the sixfirhy.
The sixfirhy is severely wounded.
The sixfirhy barely misses you. You block the sixfirhy's attack.
You miss the sixfirhy.
The sixfirhy is severely wounded.
The red draconian barely misses you.
You barely miss the sixfirhy.
The sixfirhy is severely wounded.
You block the red draconian's attack.
You closely miss the sixfirhy.
The sixfirhy is heavily wounded.
The sixfirhy closely misses you. The sixfirhy barely misses you.
The red devil hits you but does no damage.
You block the red draconian's attack. The sixfirhy hits you!
The sixfirhy shocks you!
Unknown command.
You spin and attack the sixfirhy.
You barely miss the sixfirhy.
The sixfirhy is heavily wounded.
The sixfirhy hits you. The sixfirhy shocks you!
* * * LOW HITPOINT WARNING * * *
You block the sixfirhy's attack. The sixfirhy hits you.
* * * LOW HITPOINT WARNING * * *
The sixfirhy shocks you!
* * * LOW HITPOINT WARNING * * *
The red devil hits you but does no damage.
The sixfirhy hits you but does no damage.
Okay, then.
Blink to where?
Press: ? - help, Dir - move target
As you read the scroll of blinking, it crumbles to dust.
As you read the scroll of teleportation, it crumbles to dust.
You feel strangely unstable.
You feel the power of the Abyss delaying your translocation!
The sixfirhy attacks as you move away! The sixfirhy hits you.
* * * LOW HITPOINT WARNING * * *
The sixfirhy shocks you!
You die...

.. . § #.
§#.##
#...###
#.....
#.#.# ##
#@.##..
#3#..#
...#....#
..#....#
###
........# .
.##....##.#
#..#.#..##
# #......#.
# #.....###


You could see a sixfirhy.

Vanquished Creatures
  3 trolls
  2 hornets
  A shadow (D:10)
  Sigmund (D:4)
  4 yaks (D:10)
  Eustachio (D:5)
  2 wyverns
  3 steam dragons
  2 acid dragons (D:11)
  3 water moccasins
  A hornet zombie (D:9)
  3 orc warriors
  A sky beast (D:8)
  An ogre (D:4)
  3 centaurs
  4 kobold brigands
  2 bullfrogs
  A necrophage (D:5)
  5 scorpions
  8 wights (D:9)
  4 killer bees (D:10)
  2 electric eels
  4 howler monkeys
  6 hounds
  5 orc priests
  3 iguanas
  Ijyb (D:5)
  13 orc wizards
  A howler monkey zombie (D:9)
  14 gnolls
  11 adders
  A shadow imp (Gauntlet)
  An ufetubus (D:5)
  4 worms
  5 dart slugs
  45 orcs
  11 endoplasms
  5 giant cockroaches
  8 hobgoblins
  3 jackals (D:2)
  25 kobolds
  12 quokkas
  7 ball pythons
  8 bats
  2 frilled lizards (D:1)
  4 goblins
  7 rats
263 creatures vanquished.

Vanquished Creatures (others)
  An orc wizard (D:8)
1 creature vanquished.

Grand Total: 264 creatures vanquished

Notes
Turn   | Place    | Note
-------+----------+-------------------------------------------
     0 | D:1      | LynnLen the Troll Fighter began the quest for the Orb.
     0 | D:1      | Reached XP level 1. HP: 22/22 MP: 0/0
   110 | D:1      | Reached XP level 2. HP: 29/29 MP: 1/1
   483 | D:1      | Reached XP level 3. HP: 36/36 MP: 2/2
   631 | D:1      | Found a faded altar of an unknown god.
  1330 | D:2      | Found Rieczump's Distillery.
  1378 | D:2      | Reached XP level 4. HP: 45/45 MP: 3/3
  1413 | D:2      | Reached skill level 3 in Unarmed Combat
  1794 | D:2      | Reached skill level 7 in Unarmed Combat
  1794 | D:2      | Reached XP level 5. HP: 61/61 MP: 4/4
  1857 | D:3      | Found a glowing drain.
  1876 | Sewer    | Entered a sewer
  2031 | Sewer    | Reached XP level 6. HP: 68/68 MP: 5/5
  3097 | D:4      | Noticed Sigmund
  3115 | D:5      | Entered Level 5 of the Dungeon
  3115 | D:5      | Noticed Ijyb
  3117 | D:5      | Killed Ijyb
  3117 | D:5      | Noticed Eustachio
  3191 | D:4      | Reached XP level 7. HP: 45/76 MP: 6/6
  3294 | D:4      | Killed Sigmund
  3379 | D:4      | Found a sacrificial altar of Ru.
  3427 | D:4      | Found a shimmering altar of Xom.
  3712 | D:5      | Reached XP level 8. HP: 73/84 MP: 7/7
  3716 | D:5      | Reached skill level 8 in Unarmed Combat
  3786 | D:5      | Found a staircase to the Ecumenical Temple.
  3809 | Temple   | Entered the Ecumenical Temple
  3914 | Temple   | Became a worshipper of the Wu Jian Council
  4068 | D:5      | Killed Eustachio
  4773 | D:6      | Reached * piety under Wu Jian
  5290 | D:6      | Reached XP level 9. HP: 85/93 MP: 8/8
  6131 | D:7      | Paralysed by a hornet for 3 turns
  6136 | D:7      | Paralysed by a hornet for 3 turns
  6141 | D:7      | Paralysed by a hornet for 3 turns
  7109 | D:8      | Reached skill level 9 in Unarmed Combat
  7693 | D:9      | Found a staircase to the Lair.
  7706 | D:9      | Reached ** piety under Wu Jian
  7960 | D:9      | Reached XP level 10. HP: 104/104 MP: 9/9
  8005 | D:9      | Found Vivaa's Book Boutique.
  8360 | D:9      | Found a staircase to the Orcish Mines.
  8783 | D:9      | Found a basalt altar of Yredelemnul.
  8994 | D:10     | Entered Level 10 of the Dungeon
  9515 | D:10     | Reached *** piety under Wu Jian
 10108 | D:11     | Noticed a five-headed hydra
 10141 | D:11     | Reached skill level 10 in Unarmed Combat
 10388 | D:12     | Found a gate leading to a gauntlet.
 10402 | Gauntlet | Entered a Gauntlet
 10402 | Gauntlet | Noticed a spectral death yak
 10402 | Gauntlet | Noticed a wizard
 10402 | Gauntlet | Found a transporter.
 10402 | Gauntlet | Found a transporter.
 10402 | Gauntlet | Found a transporter.
 10407 | Gauntlet | Noticed a death scarab
 10408 | Gauntlet | Noticed a death scarab
 10410 | Gauntlet | Noticed a ghost crab
 10417 | Gauntlet | Found a transporter.
 10419 | Gauntlet | Found a transporter.
 10421 | Gauntlet | Found a large runed translucent door.
 10423 | Gauntlet | Found a large runed translucent door.
 10424 | Gauntlet | Found a large runed translucent door.
 10424 | Gauntlet | Found a large runed translucent door.
 10424 | Gauntlet | Found a large runed translucent door.
 10425 | Gauntlet | Found a runed translucent door.
 10427 | Gauntlet | Found a transporter.
 10427 | Gauntlet | Noticed a smoke demon
 10428 | Gauntlet | Found a runed translucent door.
 10433 | Gauntlet | Found a large runed translucent door.
 10433 | Gauntlet | Found a large runed translucent door.
 10433 | Gauntlet | Found a large runed translucent door.
 10434 | Gauntlet | Found a large runed translucent door.
 10435 | Gauntlet | Found a large runed translucent door.
 10437 | Gauntlet | Found a large runed translucent door.
 10437 | Gauntlet | Found a large runed translucent door.
 10438 | Gauntlet | Found a large runed translucent door.
 10438 | Gauntlet | Found a large runed translucent door.
 10439 | Gauntlet | Found a runed translucent gate.
 10439 | Gauntlet | Found a runed translucent gate.
 10439 | Gauntlet | Found a runed translucent gate.
 10441 | Gauntlet | Found a transporter.
 10442 | Gauntlet | Found a transporter.
 10485 | Gauntlet | Found a large runed translucent door.
 10486 | Gauntlet | Found a large runed translucent door.
 10509 | Gauntlet | Found a transporter.
 10569 | Gauntlet | Found a transporter.
 10570 | Gauntlet | Found a transporter.
 10588 | Gauntlet | Found a transporter.
 10813 | Abyss:2  | Cast into level 2 of the Abyss (a wizard)
 10864 | Abyss:2  | Noticed a red draconian
 10865 | Abyss:2  | Noticed a sixfirhy
 10881 | Abyss:2  | Slain by a sixfirhy

Illustrated notes

Levels and vault maps discovered:
D:1:      lemuel_arrival_broad_hall, layout_loops_ring,
          shapermc_ecumenical_altar_mp_highgroup, grunt_decor_one_mirror,
          minmay_hexomino_c4
D:2:      layout_basic, serial_shops, nicolae_lakefront_shop,
          minmay_diced_spiral
D:3:      layout_basic, gup_sewer_entry_pipe, minmay_crystal_room
D:4:      layout_basic, nicolae_overflow_squiral, uniq_sigmund
D:5:      minmay_skewed_foursquare, layout_gridville,
          minmay_temple_entry_stoned_glass, uniq_eustachio, uniq_ijyb
D:6:      layout_layer_cave
D:7:      layout_basic
D:8:      layout_basic
D:9:      layout_basic, lemuel_zombie_altar_yredelemnul, lair_entry_dummy,
          hiddenorc1_lemuel, serial_shops, nicolae_shop_crystal
D:10:     layout_basic
D:11:     layout_basic, kennysheep_generic_room_10
D:12:     layout_basic, portal_ice_cave_entry_pillars_1, gauntlet_entry_generic,
          nicolae_diode_stairs
Temple:   compressed_dpeg_triangle_lava_temple
Abyss:2:  base: D:1, spicy_abyss_pitcher_plant
Gauntlet: gammafunk_gauntlet_shortcut [gammafunk_gauntlet_arena_chambers,
          nicolae_gauntlet_swirl, gammafunk_gauntlet_arena_corners,
          gammafunk_gauntlet_arena_split_x,
          minmay_gauntlet_arena_make_your_own_arena,
          gammafunk_gauntlet_arena_split_diamond, gauntlet_exit_green]

Skill      XL: |  1  2  3  4  5  6  7  8  9 10 |
---------------+-------------------------------+-----
Shields        | 3 7 8 9 |  9.4
Fighting       | 3 6 7 8 |  8.6
Unarmed Combat | 7 8 9 10 | 10.0
Dodging        | 3 4 |  4.7

Action                   |  1- 3 |  4- 6 |  7- 9 | 10-12 || total
-------------------------+-------+-------+-------+-------++-------
Melee: Unarmed           |    98 |   173 |   314 |   233 ||   818
Throw: Stone             |       |       |     1 |       ||     1
       Throwing net      |       |       |     1 |       ||     1
Invok: Lunge             |       |       |    28 |     8 ||    36
       Whirlwind         |       |       |     1 |     5 ||     6
       Serpent's Lash    |       |       |       |     1 ||     1
  Use: Scroll            |       |     9 |    13 |     8 ||    30
       Potion            |       |     2 |     6 |     1 ||     9
 Stab: Sleeping          |       |       |       |     1 ||     1
Armor: Robe              |    23 |    40 |    35 |       ||    98
       Steam dragon scal |       |       |    28 |    78 ||   106
Dodge: Dodged            |    20 |    51 |    74 |    70 ||   215
Block: Kite shield       |    28 |    76 |   109 |   103 ||   316
